 Dungeon Crawl Stone Soup version 0.24.0-123-gd5b16e6ec5 (webtiles) character file.

Game seed: 5010489512533582339, levelgen mode: deterministic

6596 Chiseanne the Fighter (level 10, -10/83 HPs)
             Began as a Demonspawn Wanderer on Jan 18, 2020.
             Mangled by an orc warrior
             ... wielding a +0 war axe
              (11 damage)
             ... in a bailey.
             The game lasted 00:26:03 (10076 turns).

Chiseanne the Fighter (Demonspawn Wanderer)        Turns: 10076, Time: 00:26:04

Health: -10/83     AC:  8    Str: 10    XL:     10   Next: 71%
Magic:  20/20      EV: 21    Int: 11    God:
Gold:   460        SH:  0    Dex: 21    Spells: 18/23 levels left

rFire    + . .     SeeInvis .   a - +6 quarterstaff (crush)
rCold    + . .     Gourm    .   (shield currently unavailable)
rNeg     . . .     Faith    .   L - +2 robe {rC+}
rPois    +         Spirit   .   (helmet restricted)
rElec    .         Reflect  .   q - +2 cloak {rPois}
rCorr    .         Harm     .   (no gloves)
MR       .....                  H - +0 pair of boots
Stlth    ++........             (no amulet)
HPRegen  0.23/turn              r - ring of wizardry
MPRegen  0.17/turn              E - ring of protection from fire

@: no status effects
A: horns 2, repulsion field 2
a: no special abilities


You were in a bailey.
You were not hungry.

You visited 1 branch of the dungeon, and saw 8 of its levels.
You also visited: Bailey.

You collected 460 gold pieces.

Inventory:

Hand Weapons
 a - a +6 quarterstaff of crushing (weapon)
 J - a +2 battleaxe of chopping
 K - a +2 whip of electrocution
Missiles
 b - a curare-tipped dart (quivered)
 g - 240 stones
 k - 35 bolts
 l - 67 sling bullets
 o - 102 arrows
 s - 12 boomerangs
 B - 9 atropa-tipped darts
 D - 27 poisoned darts
 O - 4 javelins
Armour
 e - a +2 scale mail of fire resistance
 h - a +2 chain mail of poison resistance
 q - a +2 cloak of poison resistance (worn)
 x - a +2 leather armour of magic resistance
 H - a +0 pair of boots (worn)
 L - a +2 robe of cold resistance (worn)
Jewellery
 r - a ring of wizardry (left hand)
 y - the amulet of Daisies {Inacc rF+ MR+ MP+9}
   (You found it on level 5 of the Dungeon)

   [amulet of inaccuracy]

   It reduces the accuracy of all your attacks.
   It protects you from fire.
   It affects your resistance to hostile enchantments.
   It affects your magic capacity (+9).
 E - a ring of protection from fire (right hand)
Wands
 A - a wand of iceblast (7)
Scrolls
 u - 4 scrolls of teleportation
 z - a scroll of remove curse
 G - 3 scrolls of amnesia
Potions
 c - a potion of cancellation {unknown}
 d - 7 potions of curing
 i - 6 potions of brilliance
 j - 2 potions of agility
 m - 2 potions of magic
 n - a potion of might {unknown}
 p - 2 potions of degeneration {unknown}
 w - a potion of heal wounds
 F - a potion of berserk rage {unknown}
Comestibles
 f - 17 rations


   Skills:
 * Level 9.0 Fighting
   Level 2.6 Short Blades
   Level 1.0 Crossbows
 - Level 1.0 Throwing
 - Level 2.1 Armour
 * Level 7.3 Dodging
 * Level 7.1 Spellcasting
 * Level 5.1 Conjurations
 * Level 5.5 Translocations
 - Level 1.0 Evocations


You had 18 spell levels left.
You knew the following spells:

 Your Spells              Type           Power        Failure   Level  Hunger
a - Blink                 Tloc           N/A          1%          2    ##.....
b - Mephitic Cloud        Conj/Pois/Air  #.......     11%         3    ###....

Your spell library contained the following spells:

 Spells                   Type           Power        Failure   Level  Hunger
 Magic Dart               Conj           ###.         1%          1    None
 Gell's Gravitas          Tloc           ###.......   2%          3    ###....
 Confusing Touch          Hex            #.....       7%          1    None
 Conjure Flame            Conj/Fire      #.......     8%          3    ###....
 Call Imp                 Summ           #.......     11%         2    ##.....
 Slow                     Hex            #.......     11%         2    ##.....
 Confuse                  Hex            #.......     21%         3    ###....
 Petrify                  Tmut/Erth      #.......     52%         4    ####...
 Metabolic Englaciation   Hex/Ice        #.........   86%         5    ######.
 Yara's Violent Unravell  Hex/Tmut       #.........   86%         5    ######.


Dungeon Overview and Level Annotations

Branches:
Dungeon (8/15)             Temple (0/1) D:5          Bailey (1/1)
   Lair: D:8-11

Altars:
Ashenzari
Cheibriados
Dithmenos
Elyvilon
Fedhas
Kikubaaqudgha
Nemelex Xobeh
Qazlal
Sif Muna
Trog
Wu Jian
Zin


Innate Abilities, Weirdness & Mutations

You have a pair of horns on your head.
You are surrounded by a moderate repulsion field. (EV +3)


Message History

The hobgoblin closely misses you.
You sock the hobgoblin!
You kill the hobgoblin!
The orc warrior misses you.
You barely miss the orc warrior.
The orc warrior hits you with a +0 war axe!
You sock the orc warrior!
The orc warrior is heavily wounded.
The orc warrior hits you with a +0 war axe!!
* * * LOW HITPOINT WARNING * * *
You hit the orc warrior but do no damage.
Your headbutt misses the orc warrior.
The orc warrior is heavily wounded.
The orc warrior misses you.
You closely miss the orc warrior.
The orc warrior is heavily wounded.
The orc warrior hits you with a +0 war axe!
* * * LOW HITPOINT WARNING * * *
The orc warrior hits you with a +0 war axe!
You die...

≈≈≈≈.........≈≈≈≈≈≈≈
≈≈≈≈≈≈≈...≈≈≈≈≈≈≈≈≈≈
≈≈≈≈≈≈≈...≈≈≈≈≈≈≈≈≈≈
≈≈≈≈≈≈≈.).≈≈≈≈≈≈≈≈≈≈
≈≈≈≈≈≈≈...≈≈≈≈≈≈≈≈≈≈
###≈≈≈≈...≈≈≈≈######
#.......)...#
#####'')#####
#..'))@..'..#
#..).o.)((.(#
####.)#))⌠).#..#
#...))#.....#.....
#.8.o.#.....#...8.#
#.....#######.....#
#.8)### ##.8.#
#.......... ...#
#.8........


You could see an orc warrior.

Vanquished Creatures
  Pikel (D:7)
  2 orc knights (Bailey)
  An orc sorcerer (Bailey)
  A kobold demonologist (Bailey)
  Grinder (D:6)
  Eustachio (D:5)
  A yak (D:7)
  3 hogs
  A human (D:7)
  A basilisk (D:7)
  A naga (D:6)
  Menkaure (D:7)
  5 orc warriors
  An eye of draining (D:8)
  3 ice beasts
  A phantom (D:4)
  A sky beast (D:7)
  A black bear (D:6)
  A slave (D:7)
  A centaur (D:7)
  A crocodile (D:4)
  3 ogres
  A big kobold (D:7)
  Blork the orc (D:5)
  3 bullfrogs
  3 scorpions
  An electric eel (Bailey)
  8 crimson imps
  2 howler monkeys
  A bullfrog zombie (D:8)
  Crazy Yiuf (D:3)
  A hound (D:6)
  3 orc priests
  2 iguanas
  3 worker ants
  Natasha (thrice) (D:3)
  3 orc wizards
  A hound zombie (D:7)
  A hound skeleton (D:7)
  16 gnolls
  8 adders
  A shadow imp (D:6)
  5 oozes
  An adder zombie (D:6)
  3 worms
  A dart slug (D:4)
  6 leopard geckos
  24 orcs
  A ball python (D:5)
  7 bats
  10 giant cockroaches
  16 hobgoblins
  10 jackals
  3 quokkas
  4 frilled lizards
  16 goblins
  A jackal skeleton (D:3)
  14 kobolds
  2 quokka skeletons
  8 rats
228 creatures vanquished.

Vanquished Creatures (others)
  A fire bat (D:7)
  A slave (D:7)
  2 orcs (D:7)
4 creatures vanquished.

Grand Total: 232 creatures vanquished

Notes
Turn   | Place    | Note
-------+----------+-------------------------------------------
     0 | D:1      | Chiseanne the Demonspawn Wanderer began the quest for the
                  | Orb.
     0 | D:1      | Chiseanne set off with the following items: a +2 dagger, 4
                  | curare-tipped darts, a +0 quarterstaff, a +0 short sword, a
                  | +0 robe, a ration
     0 | D:1      | Reached XP level 1. HP: 18/18 MP: 1/1
   205 | D:1      | Gained mutation: You are surrounded by a mild repulsion
                  | field. (EV +2) [demonic ancestry]
   205 | D:1      | Reached XP level 2. HP: 20/24 MP: 2/2
   726 | D:1      | Reached skill level 1 in Dodging
   731 | D:1      | HP: 1/25 [kobold/+0 short sword (2)]
  1095 | D:1      | Gained mutation: You have a pair of small horns on your
                  | head. [demonic ancestry]
  1095 | D:1      | Reached XP level 3. HP: 29/30 MP: 3/3
  1185 | D:1      | Reached skill level 4 in Fighting
  1418 | D:2      | Learned a level 2 spell: Blink
  1628 | D:2      | Found a shimmering blue altar of Sif Muna.
  1663 | D:2      | Found a shadowy altar of Dithmenos.
  1756 | D:2      | Found a snail-covered altar of Cheibriados.
  2583 | D:3      | Reached XP level 4. HP: 23/37 MP: 5/5
  2710 | D:3      | Found a runed translucent door.
  2711 | D:3      | Noticed Crazy Yiuf
  2727 | D:3      | Killed Crazy Yiuf
  2727 | D:3      | Reached skill level 1 in Spellcasting
  3046 | D:3      | Noticed Natasha
  3051 | D:3      | Killed Natasha
  3052 | D:3      | Reached XP level 5. HP: 30/43 MP: 5/7
  3512 | D:3      | Noticed Natasha
  3528 | D:3      | Killed Natasha
  3528 | D:3      | Reached skill level 5 in Fighting
  3528 | D:3      | Gained mutation: You have a pair of horns on your head.
                  | [demonic ancestry]
  3528 | D:3      | Reached XP level 6. HP: 8/51 MP: 9/9
  3902 | D:3      | Noticed Natasha
  3908 | D:3      | Killed Natasha
  3965 | D:3      | Found a blossoming altar of Fedhas.
  3965 | D:3      | Found an ancient bone altar of Kikubaaqudgha.
  4426 | D:4      | Reached XP level 7. HP: 56/56 MP: 11/11
  5035 | D:4      | Reached skill level 6 in Fighting
  5108 | D:4      | Found an ornate altar of the Wu Jian Council.
  5320 | D:5      | Entered Level 5 of the Dungeon
  5370 | D:5      | Noticed Eustachio
  5385 | D:5      | Killed Eustachio
  5775 | D:5      | Reached XP level 8. HP: 61/65 MP: 14/14
  5775 | D:5      | Noticed Blork the orc
  5785 | D:5      | Killed Blork the orc
  5871 | D:5      | Found a white marble altar of Elyvilon.
  5883 | D:5      | Reached skill level 1 in Translocations
  5893 | D:5      | Got a shimmering emerald amulet
  6076 | D:5      | HP: 3/65 [crimson imp (4)]
  6380 | D:5      | Identified the amulet of Daisies {Inacc rF+ MR+ MP+9} (You
                  | found it on level 5 of the Dungeon)
  6524 | D:5      | Found a staircase to the Ecumenical Temple.
  6790 | D:6      | Found a shattered altar of Ashenzari.
  6846 | D:6      | Reached skill level 5 in Dodging
  7026 | D:6      | Noticed Grinder
  7029 | D:6      | Killed Grinder
  7029 | D:6      | Reached skill level 7 in Fighting
  7029 | D:6      | Reached skill level 5 in Spellcasting
  7133 | D:6      | Learned a level 3 spell: Mephitic Cloud
  7438 | D:6      | Reached skill level 1 in Conjurations
  7438 | D:6      | Reached XP level 9. HP: 40/72 MP: 15/17
  7999 | D:7      | Found a stormy altar of Qazlal.
  8161 | D:7      | Noticed Menkaure
  8167 | D:7      | Killed Menkaure
  8300 | D:7      | Noticed Pikel
  8320 | D:7      | Killed Pikel
  8320 | D:7      | Reached skill level 8 in Fighting
  8570 | D:7      | Noticed Joseph
  8578 | D:7      | Noticed Joseph
  8578 | D:7      | Joseph changed into Joseph the basilisk
  8603 | D:7      | Killed Joseph the basilisk
  8899 | D:7      | Gained mutation: You are surrounded by a moderate repulsion
                  | field. (EV +3) [demonic ancestry]
  8899 | D:7      | Reached XP level 10. HP: 61/80 MP: 19/19
  9508 | D:7      | Found a glowing silver altar of Zin.
  9511 | D:7      | Found a bloodstained altar of Trog.
  9517 | D:7      | Found a sparkling altar of Nemelex Xobeh.
  9581 | D:8      | Found a flagged portal.
  9601 | Bailey   | Entered a bailey
  9672 | Bailey   | Found an iron altar of Okawaru.
  9688 | Bailey   | Reached skill level 5 in Translocations
  9709 | Bailey   | Noticed an orc knight
  9720 | Bailey   | Killed an orc knight
  9731 | Bailey   | Noticed an orc sorcerer
  9735 | Bailey   | Noticed a rust devil
  9735 | Bailey   | Paralysed by an orc sorcerer for 3 turns
  9752 | Bailey   | Killed an orc sorcerer
 10059 | Bailey   | Noticed an orc knight
 10071 | Bailey   | Killed an orc knight
 10071 | Bailey   | Reached skill level 9 in Fighting
 10071 | Bailey   | Reached skill level 5 in Conjurations
 10076 | Bailey   | HP: 1/83 [orc warrior/+0 war axe (15)]
 10076 | Bailey   | Mangled by an orc warrior

Levels and vault maps discovered:
D:1:      giann_forest_graveyard, layout_basic, st_stairs_12,
          chequers_serial_rivers_small_b, minmay_unequal
D:2:      layout_basic, overflow_temple_1_default, lemuel_crystal_altar,
          grunt_dithmenos_smoke
D:3:      minmay_razor_zed, layout_rooms,
          grunt_temple_overflow_growth_and_decay, first_ration, serial_rivers,
          chequers_serial_rivers_micro_c, chequers_serial_rivers_small_b,
          chequers_serial_rivers_marsh, chequers_serial_rivers_micro_c,
          uniq_natasha, uniq_crazy_yiuf_cottage
D:4:      layout_cave_pools, marbit_many_paths,
          hangedman_abyss_or_decor_jellyfish_corner
D:5:      layout_basic, overflow_temple_1_default,
          minmay_temple_entry_purple_smoke, uniq_eustachio, uniq_blork_the_orc
D:6:      minmay_chambers_of_threes, layout_basic, kennysheep_mini_moat,
          uniq_grinder
D:7:      layout_loops_ring, grunt_temple_overflow_diamond,
          nicolae_overflow_crystal_walls, grunt_livestock, minmay_crossroads,
          uniq_menkaure, uniq_joseph, uniq_pikel
D:8:      layout_gridville, tso_oasis_becter, enter_bailey_3, serial_shops,
          shop, uniq_psyche
Bailey:   bailey_axe_of_yendor_kennysheep, bailey

Skill      XL: |  1  2  3  4  5  6  7  8  9 10 |
---------------+-------------------------------+-----
Dodging        | 1 2 3 4 5 6 7 |  7.3
Fighting       | 4 5 6 7 8 9 |  9.0
Spellcasting   | 1 2 3 4 5 6 7 |  7.1
Translocations | 3 4 5 |  5.5
Armour         | 2 |  2.1
Conjurations   | 1 3 5 |  5.1
Short Blades   | |  2.6
Crossbows      | |  1.0
Throwing       | |  1.0
Evocations     | |  1.0

Action                   |  1- 3 |  4- 6 |  7- 9 | 10-12 || total
-------------------------+-------+-------+-------+-------++-------
Melee: Quarterstaff      |   109 |    93 |   349 |   114 ||   665
       Headbutt          |     8 |    12 |    73 |    22 ||   115
Throw: Dart              |       |    12 |     8 |    11 ||    31
       Boomerang         |       |     2 |       |       ||     2
       Stone             |       |       |       |     3 ||     3
 Cast: Mephitic Cloud    |       |       |     2 |       ||     2
Evoke: Wand              |       |       |     2 |     4 ||     6
  Use: Scroll            |     5 |     2 |    13 |     1 ||    21
       Potion            |       |       |     3 |     2 ||     5
 Stab: Sleeping          |     3 |     4 |     1 |       ||     8
       Distracted        |     1 |       |     1 |       ||     2
       Paralysed         |       |     3 |     7 |       ||    10
       Petrifying        |       |     1 |       |       ||     1
       Confused          |       |       |     7 |       ||     7
       Petrified         |       |       |     3 |       ||     3
  Eat: Chunk             |     5 |     6 |    12 |     4 ||    27
       Ration            |       |       |     1 |       ||     1
Armor: Robe              |    17 |    20 |    25 |    13 ||    75
       Leather armour    |       |       |    66 |       ||    66
Dodge: Dodged            |    99 |    73 |   361 |    90 ||   623
